 Dungeon Crawl Stone Soup version 0.30-a0-758-gc2c871d025 (webtiles) character file.

Game seed: 12403564207823508423

21 DEFE the Trooper (level 2, 0/39 HPs)
             Began as a Demonspawn Wanderer on Feb 10, 2023.
             Slain by Terence
             ... wielding a +0 falchion
              (1 damage)
             ... on level 2 of the Dungeon.
             The game lasted 00:01:05 (774 turns).

DEFE the Trooper (Demonspawn Wanderer)               Turns: 774, Time: 00:01:06

Health: 0/39       AC: 21    Str: 12    XL:     2   Next: 65%
Magic:  3/3        EV:  2    Int: 12    God:
Gold:   30         SH:  0    Dex: 13    Spells: 2/3 levels left

rFire   . . .      SeeInvis .    a - +0 dagger
rCold   . . .      Faith    .    (no shield)
rNeg    . . .      Spirit   .    (body armour currently unavailable)
rPois   +          Reflect  .    (helmet currently unavailable)
rElec   .          Harm     .    (cloak currently unavailable)
rCorr   .          Rampage  .    (gloves currently unavailable)
Will    .....      NoTele   +    (boots currently unavailable)
Stlth   +                        (no amulet)
HPRegen 0.26/turn                (no ring)
MPRegen 0.08/turn                (no ring)

@: tree-form
A: stationary, stasis, torment immunity, boosted hp, (spiny 1)
a: no special abilities


You were on level 2 of the Dungeon.
You were a tree.
You visited 1 branch of the dungeon, and saw 2 of its levels.

You collected 30 gold pieces.

Inventory:

Hand Weapons
 a - a +0 dagger (weapon)
Armour
 d - a +0 leather armour
 h - a +0 ring mail (melded)
Scrolls
 f - a scroll of blinking {unknown}
 g - a scroll of magic mapping {unknown}
Potions
 c - a potion of lignification
 e - a potion of attraction {unknown}


   Skills:
 + Level 4.8 Fighting
 - Level 1.7 Dodging
 - Level 1.0 Spellcasting
 - Level 2.6 Transmutations


You had 2 spell levels left.
You knew the following spells:

 Your Spells              Type           Power      Damage    Failure   Level
a - Beastly Appendage     Tmut           14%        N/A       10%         1

Your spell library contained the following spells:

 Spells                   Type           Power      Damage    Failure   Level
 Ignite Poison            Fire/Tmut/Pois 2%         N/A       54%         3


Dungeon Overview and Level Annotations

Branches:
Dungeon (2/15)

Altars:

Annotations:
D:2 Terence


Innate Abilities, Weirdness & Mutations

You are a tree.
Your roots penetrate the ground, keeping you stationary.
You cannot be teleported.
You are immune to unholy pain and torment.
Your maximum health is greatly increased.
Your equipment is partially melded.
((You are partially covered in sharp spines.))


Message History

You throw a throwing net. The throwing net hits Terence.
Terence is caught in the net!
Terence struggles against the net.
You strike the helpless Terence from behind!
You hit Terence.
Terence struggles against the net.
You hit Terence but do no damage.
Terence struggles against the net.
You hit Terence.
Terence struggles against the net.
You hit Terence.
Terence struggles against the net.
The net rips apart, and Terence comes free!
You hit Terence but do no damage. Terence barely misses you.
You hit Terence but do no damage. Terence is struck by your spines.
Terence hits you with a +0 falchion.
You take 6 damage, and have 20/26 hp.
MASSIVE DAMAGE!!
You hit Terence but do no damage. Terence hits you with a +0 falchion!
You take 7 damage, and have 13/26 hp.
MASSIVE DAMAGE!!
Throw: throwing net
Aim: Terence, wielding a +0 falchion and wearing a +0 scale mail (heavily wounded, 63% to hit)
You throw a throwing net.
The throwing net closely misses Terence.
Terence is struck by your spines. Terence hits you with a +0 falchion.
You take 1 damage, and have 12/26 hp.
Unknown command.
You are too injured to fight recklessly!
You are too injured to fight recklessly!
You closely miss Terence. Terence hits you with a +0 falchion.
You take 2 damage, and have 10/26 hp.
You closely miss Terence. Terence hits you with a +0 falchion.
* * * LOW HITPOINT WARNING * * *
You take 6 damage, and have 4/26 hp.
MASSIVE DAMAGE!!
Really quaff the potion of lignification?
You turn into a tree.
Your +0 ring mail melds into your body.
Your roots penetrate the ground.
Terence hits you with a +0 falchion.
* * * LOW HITPOINT WARNING * * *
You now have 1/39 hp.
Unknown command.
You hit Terence. Terence hits you with a +0 falchion.
You die...

.....# ### ....###..##
.# ##.# ## ...........
......#... ..#.#....
#.#...#.# ####......#
.......<#
##.^..#.#.##..
#.......###.....@...>.#
#.............##♣#
#.......###.##.?.#
##......##.....###
#.<.....#....#.......
#.#..#.........######
..#.##......####
###..##.....#
##.#......# #.#.....##


You could see Terence.

Vanquished Creatures
  2 dart slugs
  2 ball pythons (D:1)
  An endoplasm (D:1)
  A giant cockroach (D:1)
  3 goblins (D:1)
  A hobgoblin (D:1)
  A bat (D:2)
  3 frilled lizards (D:1)
  3 kobolds (D:1)
  A rat (D:1)
18 creatures vanquished.

Notes
Turn   | Place    | Note
-------+----------+-------------------------------------------
     0 | D:1      | DEFE the Demonspawn Wanderer began the quest for the Orb.
     0 | D:1      | DEFE set off with the following items: a +0 dagger, 2
                  | throwing nets, 2 potions of lignification, a +0 leather
                  | armour; and the following spell memorised: Beastly
                  | Appendage; and the following spells available to memorise:
                  | Ignite Poison.
     0 | D:1      | Reached XP level 1. HP: 19/19 MP: 2/2
   288 | D:1      | Gained mutation: You are partially covered in sharp spines.
                  | [demonic ancestry]
   288 | D:1      | Reached XP level 2. HP: 25/26 MP: 3/3
   760 | D:2      | Noticed Terence
   773 | D:2      | HP: 1/39 [Terence/+0 falchion (5)]
   774 | D:2      | Slain by Terence

Illustrated notes

Levels and vault maps discovered:
D:1:      ncdulo_lavacross, layout_basic
D:2:      layout_rooms, serial_co_window_serial, co_window_paths_a,
          co_window_cross_1, co_window_paths_b, co_window_paths_b,
          co_window_paths_a, co_window_cross_4, co_window_2corner,
          co_window_unsneaky_path_e, co_window_corner_b, co_window_4corner_a,
          glass_columns_a, glass_columns_a, glass_columns_a, glass_columns_c,
          uniq_terence

Action                     || total
---------------------------++-------
  Melee: Dagger            ||    69
  Throw: Throwing net      ||     2
    Use: Potion            ||     1
   Stab: Held in net/web   ||     1
 Armour: Leather armour    ||     7
         Ring mail         ||     3
  Dodge: Dodged            ||    34

Table legend: (Time is in decaauts)
 A = Elapsed time spent in this place.
 B = Non-inter-level travel time spent in this place.
 C = Inter-level travel time spent in this place.
 D = Time resting spent in this place.
 E = Time spent auto-exploring this place.
 F = Levels seen in this place.
 G = Mean time per level.
                   A        B        C        D        E       F      G
               +--------+--------+--------+--------+--------+-----+--------+
         Total |    773 |    766 |      7 |     94 |    510 |   2 |  386.5 |
       Dungeon |    773 |    766 |      7 |     94 |    510 |   2 |  386.5 |
               +--------+--------+--------+--------+--------+-----+--------+

Top non-repeatable levels by time:
     D:1: 730 daAuts
     D:2: 43 daAuts
